 Dungeon Crawl Stone Soup version 0.23.1 (webtiles) character file.

Game seed: 13098777804376477290

2 glosham the Magician (level 1, 0/13 HPs)
             Began as a Mummy Earth Elementalist on Mar 12, 2019.
             Slain by a kobold
             ... wielding a cursed -1 short sword
              (3 damage)
             ... on level 1 of the Dungeon.
             The game lasted 00:02:30 (117 turns).

glosham the Magician (Mummy Earth Elementalist)      Turns: 117, Time: 00:02:30

Health: 0/13       AC:  2    Str: 11    XL:     1   Next: 25%
Magic:  3/4        EV: 12    Int: 14    God:
Gold:   22         SH:  0    Dex: 12    Spells: 4/5 levels left

rFire    x . .     SeeInvis .   a - +0 spear
rCold    + . .     Gourm    .   (no shield)
rNeg     + + +     Faith    .   c - +0 robe
rPois    ∞         Spirit   .   (no helmet)
rElec    .         Reflect  .   (no cloak)
rCorr    .         Harm     .   (no gloves)
MR       .....                  (no boots)
Stlth    ++........             (no amulet)
HPRegen  0.04/turn              (no ring)
MPRegen  0.09/turn              (no ring)

@: no status effects
A: no food or potions, fire vulnerability, cold resistance 1, negative energy
resistance 3, torment resistance, unbreathing
a: no special abilities


You were on level 1 of the Dungeon.
You were not hungry.

You visited 1 branch of the dungeon, and saw 2 of its levels.

You collected 22 gold pieces.

Inventory:

Hand Weapons
 a - a +0 spear (weapon)
 b - a +0 dagger
Missiles
 d - 16 sling bullets
 e - 29 stones (quivered)
 f - 17 bolts
 g - 18 arrows
Armour
 c - a +0 robe (worn)


   Skills:
 * Level 0.3 Fighting
 - Level 1.5 Dodging
 - Level 1.5 Stealth
 * Level 2.8 Spellcasting
   Level 0.7 Transmutations
 - Level 2.4 Earth Magic


You had 4 spell levels left.
You knew the following spells:

 Your Spells              Type           Power        Failure   Level  Hunger
x - Sandblast             Erth           #.....       9%          1    N/A

Your spell library contained the following spells:

 Spells                   Type           Power        Failure   Level  Hunger
 Passwall                 Tmut/Erth      #.......     17%         2    N/A
 Stone Arrow              Conj/Erth      #.....       38%         3    N/A
 Petrify                  Tmut/Erth      #.......     75%         4    N/A
 Lee's Rapid Deconstruct  Erth           #.........   92%         5    N/A

Dungeon Overview and Level Annotations

Branches:
Dungeon (2/15)

Altars:


Innate Abilities, Weirdness & Mutations

You do not eat or drink.
Your flesh is vulnerable to fire.
You are immune to poison.
Your flesh is cold resistant. (rC+)
You are immune to negative energy. (rN+++)
You are immune to unholy pain and torment.
You can survive without breathing.


Message History

You hit the bat but do no damage. The bat misses you.
You hit the bat.
You kill the bat!
You see here a bat corpse.
You see here a fuming dark potion.
Found 17 bolts.
Found a stone staircase leading down.
Found a dagger.
There is a stone staircase leading down here.
You see here 17 bolts.
f - 17 bolts
There is a stone staircase leading down here.
You climb downwards.
A kobold comes into view. It is wielding a -1 short sword.
Found 18 arrows.
There is a stone staircase leading up here.
The kobold shouts!
You hear a shout! x2
You see here 18 arrows.
g - 18 arrows A kobold comes into view. It is wielding a +0 whip.
The kobold shouts!
There is a stone staircase leading up here.
You barely miss the kobold.
A hobgoblin comes into view. It is wielding a +0 club.
The kobold hits you with a cursed -1 short sword.
You closely miss the kobold. The kobold closely misses you.
You hit the kobold but do no damage.
The kobold hits you with a cursed -1 short sword.
The kobold hits you with a +0 whip.
* * * LOW HITPOINT WARNING * * *
You climb upwards.
There is a stone staircase leading down here.
Casting: Sandblast (safe; 9% risk of failure)
Confirm with . or Enter, or press ? or * to list all spells.
Aiming: Sandblast (safe; 9% risk of failure)
Press: ? - help, Shift-Dir - straight line, f - kobold
Aim: a kobold, wielding a -1 short sword The blast of sand misses the kobold.
e - 29 stones The kobold hits you with a cursed -1 short sword.
You die...

###########
#..K@K....# ###
#.#######)# #.##
#.# .#.## #.#
###!## #.#
...#.########.###
#...............#
...##########.#.#
#.## #.#.#


You could see 2 kobolds.

Vanquished Creatures
  A bat (D:1)
  A goblin (D:1)
2 creatures vanquished.

Notes
Turn   | Place    | Note
-------+----------+-------------------------------------------
     0 | D:1      | glosham the Mummy Earth Elementalist began the quest for
                  | the Orb.
     0 | D:1      | Reached XP level 1. HP: 13/13 MP: 4/4
   117 | D:1      | Slain by a kobold

Action                   || total
-------------------------++-------
Melee: Spear             ||     6
       Dagger            ||     2
 Cast: Sandblast         ||     1
Dodge: Dodged            ||     4

Table legend:
 A = Turns spent in this place as a percentage of turns spent in the entire game.
 B = Non-inter-level travel turns spent in this place as a percentage of non-inter-level travel turns spent in the entire game.
 C = Inter-level travel turns spent in this place as a percentage of turns spent in this place.
 D = Turns resting spent in this place as a percentage of non-inter-level travel turns spent in this place.
 E = Turns spent auto-exploring this place as a percentage of non-inter-level travel turns spent in this place.
 F = Non-inter-level travel turns spent in this place divided by the number of levels of this place that you've seen.
                   A       B       C       D       E      F
               +-------+-------+-------+-------+-------+----------------------
         Total | 100.0 | 100.0 |   0.0 |   0.0 |   0.0 |  58.5
       Dungeon | 100.0 | 100.0 |   0.0 |   0.0 |   0.0 |  58.5
               +-------+-------+-------+-------+-------+----------------------

Table legend:
 A = Kills in this place as a percentage of kills in entire the game.
 B = Kills by you in this place as a percentage of kills by you in the entire game.
 C = Kills by friends in this place as a percentage of kills by friends in the entire game.
 D = Other kills in this place as a percentage of other kills in the entire game.
 E = Experience gained in this place as a percentage of experience gained in the entire game.
 F = Experience gained in this place divided by the number of levels of this place that you have seen.
                   A       B       C       D       E      F
               +-------+-------+-------+-------+-------+----------------------
         Total | 100.0 | 100.0 |   N/A |   N/A | 100.0 |   1.5
       Dungeon | 100.0 | 100.0 |   N/A |   N/A | 100.0 |   1.5
               +-------+-------+-------+-------+-------+----------------------

Levels and vault maps discovered:
D:1:      evilmike_arrival_hilbert_curve, layout_loops_ring, minmay_distorted
D:2:      layout_loops_ring, minmay_misc_feat_rows, nicolae_gozag_seed_capital
